 Dungeon Crawl Stone Soup version 0.29-a0-414-g5075937ec3 (webtiles) character file.

Game seed: 3918591131533327491

424 Anamonty the Changer (level 6, -1/43 HPs)
             Began as an Octopode Transmuter on May 15, 2022.
             Slain by a gnoll
             ... wielding a +0 flail
              (11 damage)
             ... on level 4 of the Dungeon.
             The game lasted 00:06:26 (3418 turns).

Anamonty the Changer (Octopode Transmuter)          Turns: 3418, Time: 00:06:27

Health: -1/43      AC:  2    Str: 11    XL:     6   Next: 96%
Magic:  6/10       EV: 20    Int: 16    God:
Gold:   147        SH:  0    Dex: 17    Spells: 1/11 levels left

rFire   . . .      SeeInvis .     - Unarmed
rCold   . . .      Faith    .   (shield currently unavailable)
rNeg    . . .      Spirit   .   (helmet currently unavailable)
rPois   x          Reflect  .   (no amulet)
rElec   .          Harm     .   (no ring)
rCorr   .          Rampage  .   (no ring)
Will    .....                   (no ring)
Stlth   ++........              (no ring)
HPRegen 0.14/turn               (no ring)
MPRegen 0.12/turn               (no ring)
                                (no ring)
                                (no ring)

@: spider-form
A: venomous fangs, almost no armour, (amphibious), 8 rings, tiny, (camouflage
1), (gelatinous body 1), (nimble swimmer 1), (tentacles)
a: End Transformation


You were on level 4 of the Dungeon.
You were a venomous arachnid creature.
You visited 1 branch of the dungeon, and saw 4 of its levels.

You collected 147 gold pieces.

Inventory:

Wands
 k - a wand of digging (2)
Scrolls
 a - 2 scrolls of fog {unknown}
 b - 2 scrolls of torment {unknown}
 c - a scroll of silence {unknown}
 d - 6 scrolls of identify {unknown}
 f - a scroll of magic mapping {unknown}
 g - a scroll of blinking {unknown}
 o - a scroll of enchant weapon {unknown}
Potions
 e - 3 potions of curing {unknown}
 h - 2 potions of magic {unknown}
 i - a potion of attraction {unknown}
 j - a potion of heal wounds {unknown}
 l - a potion of mutation {unknown}
 m - a potion of flight {unknown}
 n - a potion of invisibility {unknown}


   Skills:
 * Level 3.8 Fighting
 + Level 3.1 Dodging
 + Level 3.9 Unarmed Combat
 + Level 3.0 Spellcasting
 * Level 4.1 Transmutations


You had one spell level left.
You knew the following spells:

 Your Spells              Type           Power      Damage    Failure   Level
a - Beastly Appendage     Tmut           30%        N/A       12%         1
b - Wereblood             Tmut           15%        N/A       16%         2
c - Spider Form           Tmut/Pois      9%         N/A       45%         3
d - Ice Form              Ice/Tmut       9%         N/A       80%         4

Your spell library contained the following spells:

 Spells                   Type           Power      Damage    Failure   Level


Dungeon Overview and Level Annotations

Branches:
Dungeon (4/15)
 Temple: D:4-7

Altars:


Innate Abilities, Weirdness & Mutations

You are a venomous arachnid creature.
You have poisonous fangs.
You are tiny and dextrous.
Your spellcasting is less reliable in this form.
Your armour is entirely melded.
You are incapable of wielding weapons or throwing items.
You cannot wear most types of armour.
((You are amphibious.))
You can wear up to eight rings at the same time.
((Your skin changes colour to match your surroundings (Stealth+).))
((Your rubbery body absorbs attacks. (AC +1, EV +1)))
((You are camouflaged when in or above water. (Stealth+)))
((You have tentacles for arms and can constrict up to eight enemies at once.))


Message History

You constrict the gnoll.
You kill the gnoll!
The gnoll shouts!
A gnoll comes into view. It is wielding a +0 spear.
You see here a +0 club.
Your magical contamination has completely faded away.
The gnoll barely misses you.
You tentacle-slap the gnoll but do no damage.
You grab the gnoll. You constrict the gnoll. The gnoll barely misses you.
A gnoll comes into view. It is wielding a +0 flail.
You tentacle-slap the gnoll but do no damage.
You squeeze the gnoll.
The gnoll is moderately wounded.
You constrict the gnoll. The gnoll closely misses you.
You tentacle-slap the gnoll.
The gnoll is heavily wounded.
You constrict the gnoll, but do no damage.
The gnoll misses you.
You tentacle-slap the gnoll.
You kill the gnoll!
The gnoll hits you with a +0 flail!
Items here: ( )) †.
Casting: Spider Form (quite dangerous; 24% risk of failure)
Confirm with . or Enter, or press ? or * to list all spells.
The spell is quite dangerous to miscast (24% risk of failure)!
Continue anyway?
You turn into a venomous arachnid creature.
The gnoll completely misses you.
You completely miss the gnoll. The gnoll completely misses you.
The gnoll closely misses you.
You barely miss the gnoll. The gnoll closely misses you. The gnoll misses you.
You barely miss the gnoll. The gnoll hits you with a +0 flail!
* * * LOW HITPOINT WARNING * * *
The gnoll barely misses you.
You hit the gnoll.
The gnoll is poisoned.
The gnoll is lightly wounded.
The gnoll closely misses you. x2
You hit the gnoll but do no damage.
The gnoll looks as sick as possible!
The gnoll is lightly wounded.
The gnoll closely misses you. The gnoll hits you with a +0 flail!
You die...

######..........#<.
.g......#####..###.
#######.# #.#.# #
#.# #.##.# ##.##
#.# ## #...# #.
#...# #.
#.######...#
#...sgg).###
#..####### #. #


You could see 2 gnolls.

Vanquished Creatures
  Sigmund (D:2)
  An orc priest (D:3)
  A hound (D:4)
  A jelly (D:2)
  An iguana (D:3)
  2 gnolls (D:4)
  Robin (D:3)
  4 adders
  2 worms
  3 dart slugs
  4 orcs
  3 ball pythons (D:1)
  6 bats
  4 endoplasms
  A giant cockroach (D:2)
  14 goblins
  7 hobgoblins
  3 quokkas
  2 frilled lizards
  6 kobolds
  6 rats
73 creatures vanquished.

Notes
Turn   | Place    | Note
-------+----------+-------------------------------------------
     0 | D:1      | Anamonty the Octopode Transmuter began the quest for the
                  | Orb.
     0 | D:1      | Reached XP level 1. HP: 13/13 MP: 3/3
   145 | D:1      | Reached XP level 2. HP: 6/18 MP: 5/5
   614 | D:1      | Found a faded altar of an unknown god.
  1230 | D:2      | Reached XP level 3. HP: 24/24 MP: 6/6
  1287 | D:2      | Learned a level 2 spell: Wereblood
  1291 | D:2      | Learned a level 3 spell: Spider Form
  1669 | D:2      | Noticed Sigmund
  1679 | D:2      | Killed Sigmund
  1680 | D:2      | Reached skill level 3 in Transmutations
  1680 | D:2      | Reached XP level 4. HP: 22/31 MP: 3/8
  1680 | D:2      | Reached XP level 5. HP: 25/36 MP: 3/9
  1898 | D:2      | Reached XP level 6. HP: 35/42 MP: 6/10
  2463 | D:3      | Noticed Robin
  2486 | D:3      | Killed Robin
  2656 | D:3      | HP: 2/42 [frozen (2)]
  2675 | D:3      | HP: 1/42 [hobgoblin/stone (3)]
  3221 | D:3      | Learned a level 4 spell: Ice Form
  3358 | D:3      | Reached skill level 4 in Transmutations
  3418 | D:4      | Slain by a gnoll

Illustrated notes

Levels and vault maps discovered:
D:1:      amcnicky_arrival_choice, layout_loops_ring,
          nicolae_ecumenical_snake_handling, hex_medium
D:2:      layout_loops_ring, uniq_sigmund
D:3:      layout_rooms, uniq_robin
D:4:      black_bear_nest_1, layout_loops_ring, portal_sewer_entry_b,
          serial_park_tiny_2

Skill      XL: |  1  2  3  4  5  6 |
---------------+-------------------+-----
Fighting       | 3 |  3.8
Transmutations | 3 4 |  4.1
Dodging        | 3 |  3.1
Spellcasting   | 3 |  3.0
Unarmed Combat | |  3.9

Action                   |  1- 3 |  4- 6 || total
-------------------------+-------+-------++-------
Melee: Unarmed           |    76 |    86 ||   162
       Constrict         |    22 |    17 ||    39
       Tentacles         |    12 |    14 ||    26
       Kick              |     5 |     5 ||    10
       Punch             |     2 |     2 ||     4
 Cast: Beastly Appendage |     5 |     2 ||     7
       Spider Form       |     2 |     5 ||     7
       Wereblood         |     1 |     1 ||     2
  Use: Potion            |       |     1 ||     1
 Stab: Sleeping          |     1 |       ||     1
Armor: Skin              |     7 |    11 ||    18
Dodge: Dodged            |    61 |    70 ||   131

Table legend: (Time is in decaauts)
 A = Elapsed time spent in this place.
 B = Non-inter-level travel time spent in this place.
 C = Inter-level travel time spent in this place.
 D = Time resting spent in this place.
 E = Time spent auto-exploring this place.
 F = Levels seen in this place.
 G = Mean time per level.
                   A        B        C        D        E       F      G
               +--------+--------+--------+--------+--------+-----+--------+
         Total |   3412 |   3340 |     72 |    107 |   2512 |   4 |  853.0 |
       Dungeon |   3412 |   3340 |     72 |    107 |   2512 |   4 |  853.0 |
               +--------+--------+--------+--------+--------+-----+--------+

Top non-repeatable levels by time:
     D:2: 1466 daAuts
     D:1: 1186 daAuts
     D:3: 628 daAuts
     D:4: 131 daAuts
